 Dungeon Crawl Stone Soup version 0.30-a0-424-g7412bad402 (webtiles) character file.

Game seed: 11875824335896976399

29043 Bnni the Severer (level 13, -10/109 HPs)
             Began as a Formicid Fighter on Dec 9, 2022.
             Was a High Priest of Okawaru.
             Mangled by a shock serpent (shapeshifter) (12 damage)
             ... on level 13 of the Dungeon.
             The game lasted 00:23:53 (9727 turns).

Bnni the Severer (Formicid Fighter)                 Turns: 9727, Time: 00:23:54

Health: -10/109    AC: 21    Str: 25    XL:     13   Next: 78%
Magic:  21/21      EV:  6    Int:  9    God:    Okawaru [*****.]
Gold:   267        SH:  6    Dex: 13    Spells: 7/12 levels left

rFire   . . .      SeeInvis +    d - +3 broad axe (vorpal)
rCold   . . .      Faith    .    c - +0 buckler
rNeg    . . .      Spirit   .    T - +0 plate armour
rPois   .          Reflect  .    (helmet unavailable)
rElec   .          Harm     .    l - +0 cloak
rCorr   .          Rampage  .    S - +1 pair of gloves {hurl}
Will    +....                    q - +0 pair of boots
Stlth   ..........               A - amulet of regeneration
HPRegen 1.18/turn                j - +4 ring of protection
MPRegen 0.17/turn                F - +4 ring of slaying

@: no status effects
A: permanent stasis, dig shafts and tunnels, antennae 3, four strong arms
a: Dig, Shaft Self, Renounce Religion, Heroism, Finesse, Duel


You were on level 13 of the Dungeon.
You worshipped Okawaru.
Okawaru was extremely pleased with you.
You visited 1 branch of the dungeon, and saw 15 of its levels.

You collected 1498 gold pieces.
You spent 1231 gold pieces at shops.

Inventory:

Hand Weapons
 d - a +3 vorpal broad axe (weapon)
 K - a +2 falchion of flaming
 O - a +4 halberd of freezing
 Q - a +0 battleaxe
Missiles
 a - 32 poisoned darts
 w - 11 javelins
 z - 2 boomerangs of dispersal
 H - 3 boomerangs
 P - a datura-tipped dart
Armour
 c - a +0 buckler (worn)
 l - a +0 cloak (worn)
 p - a +0 tower shield
 q - a +0 pair of boots (worn)
 S - a +1 pair of gloves of hurling (worn)
 T - a +0 plate armour (worn)
Jewellery
 e - the ring "Nuenuasch" {rN+ EV+4 Str+2 Int+7}
   (You bought it in a shop on level 7 of the Dungeon)

   [ring of evasion]

   EV:        It affects your evasion (+4).
   Str:       It affects your strength (+2).
   Int:       It affects your intelligence (+7).
   rN:        It protects you from negative energy.
 g - an amulet of reflection
 j - a +4 ring of protection (left hand)
 A - an amulet of regeneration (around neck)
 F - a +4 ring of slaying (right hand)
 G - a ring of protection from fire
Wands
 b - a wand of mindburst (4)
 t - a wand of flame (41)
 M - a wand of digging (7)
 N - a wand of iceblast (15)
Scrolls
 h - 4 scrolls of fear
 i - 3 scrolls of torment {unknown}
 m - 6 scrolls of teleportation {unknown}
 n - 4 scrolls of amnesia
 s - 3 scrolls of immolation {unknown}
 x - 3 scrolls of poison {unknown}
 y - 2 scrolls of enchant weapon
 C - a scroll of vulnerability
 D - a scroll of magic mapping
 E - a scroll of silence {unknown}
 R - 2 scrolls of enchant armour {unknown}
Potions
 f - 2 potions of brilliance
 k - 10 potions of curing
 o - a potion of mutation
 r - 4 potions of lignification {unknown}
 u - 2 potions of invisibility {unknown}
 v - 3 potions of attraction {unknown}
 B - a potion of flight {unknown}
 I - a potion of cancellation {unknown}
 J - a potion of resistance {unknown}
 L - 3 potions of haste {unknown}


   Skills:
 + Level 12.7 Fighting
 * Level 15.9 Axes
 + Level 5.3 Armour
 * Level 8.4 Shields
 + Level 10.9 Invocations


You had 7 spell levels left.
You knew the following spells:

 Your Spells              Type           Power      Damage    Failure   Level
b - Wereblood             Tmut           0%         N/A       100%        2
d - Vhi's Electric Charg  Tloc/Air       0%         N/A       100%        3

Your spell library contained the following spells:

 Spells                   Type           Power      Damage    Failure   Level
 Beastly Appendage        Tmut           0%         N/A       100%        1
 Foxfire                  Conj/Fire      0%         2x1d4     100%        1
 Sublimation of Blood     Necr           0%         N/A       100%        2
 Frozen Ramparts          Ice            0%         1d1       100%        3
 Ozocubu's Armour         Ice            0%         N/A       100%        3
 Spider Form              Tmut/Pois      0%         N/A       100%        3
 Stone Arrow              Conj/Erth      0%         3d7       100%        3
 Ice Form                 Ice/Tmut       0%         N/A       100%        4
 Petrify                  Tmut/Erth      0%         N/A       100%        4
 Arcjolt                  Conj/Air       0%         1d10      100%        5
 Fireball                 Conj/Fire      0%         3d3       100%        5
 Irradiate                Conj/Tmut      0%         3d11      100%        5
 Metabolic Englaciation   Hex/Ice        0%         N/A       100%        5
 Starburst                Conj/Fire      0%         6d3       100%        6
 Ozocubu's Refrigeration  Ice            0%         4d7       100%        7
 Lehudib's Crystal Spear  Conj/Erth      0%         10d2      100%        8
 Maxwell's Capacitive Co  Air            0%         ∞         100%        8
 Animate Armour           Summ/Erth      Unusable   N/A       N/A         4
 Summon Ice Beast         Ice/Summ       Unusable   N/A       N/A         4
 Simulacrum               Ice/Necr       Unusable   N/A       N/A         6

Dungeon Overview and Level Annotations

Branches:
Dungeon (15/15)            Temple (0/1) D:7            Lair (0/5) D:8
    Orc (0/2) D:11
 Vaults: D:13-14     Depths: D:15

Altars:
Cheibriados
Dithmenos
Elyvilon
Fedhas
Hepliaklqana
Okawaru
Trog
Vehumet
Wu Jian
Xom
The Shining One

Shops:
D:1 =   D:7 =   D:10 ?   D:13 :*


Innate Abilities, Weirdness & Mutations

You cannot be hasted, slowed, berserked, paralysed or teleported.
You can dig through walls and to a lower floor.
You have a pair of large antennae on your head. (SInv)
Your four strong arms can wield two-handed weapons with a shield.


Message History

You hit the tengu conjurer.
The tengu conjurer is severely wounded.
You closely miss the tengu conjurer.
The tengu conjurer is severely wounded.
The tengu conjurer hits you but does no damage.
The tengu conjurer pecks you but does no damage.
You block the tengu conjurer's attack.
You slash the tengu conjurer!
You kill the tengu conjurer!
Okawaru accepts your kill.
You start resting.
You feel like a meek peon again.
Your hands slow down.
You start resting.
Magic restored.
You start resting.
A shock serpent comes into view.
The shock serpent hisses angrily.
The shock serpent shoots out a bolt of lightning at you!
The bolt of electricity hits you!
Items here: ) / ? †.
You slice the shock serpent!!
The shock serpent is severely wounded.
The shock serpent's electric aura discharges violently, shocking you!
* * * LOW HITPOINT WARNING * * *
The shock serpent barely misses you. x2
You slash the shock serpent!
The shock serpent is almost dead.
The shock serpent's electric aura discharges, shocking you!
* * * LOW HITPOINT WARNING * * *
The shock serpent bites you!
* * * LOW HITPOINT WARNING * * *
The shock serpent shocks you!
* * * LOW HITPOINT WARNING * * *
Okay, then.
You miss the shock serpent.
The shock serpent is almost dead.
The shock serpent bites you.
* * * LOW HITPOINT WARNING * * *
The shock serpent shocks you!
You die...

...........#.........
).#######.###..##..##
).###.# #+###...##.#
......# #........#
......# #..####....
...#### #.##[= ###.
..#########.#$$##).#
........#...#$##.#
<.......#...#/#)@#
...###..##...#)##S.#
##'###..##...#$:#[##
........#....##$?##
........+..... ##...
..###+####.##.. ####
#'# #. .## ..# .. ..
..# ... ...


You could see a shock serpent.

Vanquished Creatures
  Jorgrun (Arena)
  A hydra (D:15)
  3 boulder beetles
  2 two-headed ogres
  5 centaur warriors (D:13)
  A tengu warrior (D:13)
  Nergalle (D:10)
  Urug (D:11)
  Pikel (D:4)
  A deep elf pyromancer (D:15)
  2 ugly things (D:13)
  4 manticores
  3 cyclopes
  A centaur zombie (D:12)
  2 centaur skeletons (D:12)
  An unseen horror (D:11)
  A kobold demonologist (D:13)
  An efreet (D:13)
  Psyche (D:8)
  3 komodo dragons
  2 tengu conjurers
  6 trolls
  A tarantella (shapeshifter) (D:13)
  5 slime creatures
  A meliai zombie (D:12)
  A centaur simulacrum (D:12)
  A shadow (D:11)
  3 wraiths (D:10)
  2 wyverns
  13 yaks
  A basilisk (D:12)
  Grum (D:11)
  A steam dragon (D:8)
  6 vampire mosquitoes (D:12)
  3 acid dragons
  4 water moccasins
  A black bear (D:6)
  4 orc warriors
  A sky beast (D:8)
  3 ogres
  3 ice beasts
  2 wolves (D:11)
  5 centaurs
  2 phantoms
  2 kobold brigands
  Blork the orc (D:6)
  4 bullfrogs
  3 scorpions
  2 gnoll sergeants
  2 necrophages
  12 wights (D:9)
  4 killer bees
  7 howler monkeys
  2 bullfrog zombies (D:6)
  A bullfrog skeleton (D:6)
  2 jellies
  6 orc priests
  Crazy Yiuf (D:3)
  A gnoll bouda (D:4)
  A hound (D:4)
  An iguana (D:5)
  Ijyb (D:4)
  10 orc wizards
  Natasha (thrice) (D:2)
  2 howler monkey zombies (D:6)
  18 gnolls
  7 adders
  A shadow imp (D:7)
  An ufetubus (D:4)
  2 worms (D:4)
  4 dart slugs
  31 orcs
  11 endoplasms
  10 giant cockroaches
  7 hobgoblins
  12 kobolds
  2 quokkas
  6 ball pythons
  5 bats
  2 frilled lizards (D:1)
  7 goblins
  4 rats
306 creatures vanquished.

Vanquished Creatures (others)
  A white imp (D:8)
  A withered plant (D:6)
2 creatures vanquished.

Grand Total: 308 creatures vanquished

Notes
Turn   | Place    | Note
-------+----------+-------------------------------------------
     0 | D:1      | Bnni the Formicid Fighter began the quest for the Orb.
     0 | D:1      | Reached XP level 1. HP: 18/18 MP: 1/1
    63 | D:1      | Reached XP level 2. HP: 10/24 MP: 2/2
   121 | D:1      | Found Hanuigu's Jewellery Shoppe.
   374 | D:1      | Reached XP level 3. HP: 29/29 MP: 3/3
   566 | D:2      | Noticed Natasha
   571 | D:2      | Killed Natasha
   613 | D:2      | Reached XP level 4. HP: 36/37 MP: 4/4
   617 | D:2      | Reached skill level 5 in Shields
   629 | D:2      | Reached skill level 3 in Axes
   830 | D:2      | Found a shimmering altar of Xom.
   857 | D:2      | Noticed Natasha
   867 | D:2      | Killed Natasha
   868 | D:2      | Reached XP level 5. HP: 40/42 MP: 5/5
  1209 | D:2      | Noticed Natasha
  1214 | D:2      | Killed Natasha
  1215 | D:2      | Reached skill level 4 in Axes
  1352 | D:3      | Found a shadowy altar of Dithmenos.
  1540 | D:3      | Found a runed translucent door.
  1541 | D:3      | Noticed Crazy Yiuf
  1546 | D:3      | Killed Crazy Yiuf
  1568 | D:3      | Found a snail-covered altar of Cheibriados.
  1805 | D:4      | Reached XP level 6. HP: 46/49 MP: 6/6
  1867 | D:4      | Reached skill level 5 in Axes
  1928 | D:4      | Reached skill level 5 in Fighting
  2013 | D:4      | Reached XP level 7. HP: 40/56 MP: 7/7
  2120 | D:4      | Reached skill level 6 in Axes
  2304 | D:4      | Noticed Ijyb
  2309 | D:4      | Noticed Pikel
  2318 | D:4      | Killed Ijyb
  2334 | D:4      | Killed Pikel
  2335 | D:4      | Reached skill level 7 in Axes
  2335 | D:4      | Reached XP level 8. HP: 26/65 MP: 4/8
  2793 | D:5      | Entered Level 5 of the Dungeon
  2921 | D:5      | Reached skill level 8 in Axes
  3008 | D:5      | Found a white marble altar of Elyvilon.
  3015 | D:5      | Reached XP level 9. HP: 68/72 MP: 9/9
  3395 | D:5      | Reached skill level 9 in Axes
  3833 | D:6      | Found a bloodstained altar of Trog.
  4009 | D:6      | Found an iron altar of Okawaru.
  4045 | D:6      | Became a worshipper of Warmaster Okawaru
  4062 | D:6      | Noticed Blork the orc
  4066 | D:6      | Found a glowing golden altar of the Shining One.
  4071 | D:6      | Killed Blork the orc
  4234 | D:6      | Reached skill level 10 in Axes
  4234 | D:6      | Reached skill level 1 in Invocations
  4577 | D:7      | Reached * piety under Okawaru
  4604 | D:7      | Found a staircase to the Ecumenical Temple.
  4612 | D:7      | Reached XP level 10. HP: 76/82 MP: 10/12
  4801 | D:7      | Found a hazy altar of Hepliaklqana.
  4907 | D:7      | Found Niyngar's Jewellery Boutique.
  5439 | D:8      | Found a staircase to the Lair.
  5530 | D:8      | Noticed Psyche
  5540 | D:8      | Killed Psyche
  5541 | D:8      | Reached skill level 11 in Axes
  5824 | D:8      | Reached ** piety under Okawaru
  6194 | D:9      | Reached skill level 5 in Invocations
  6329 | D:9      | Found an ornate altar of the Wu Jian Council.
  6384 | D:9      | Reached skill level 12 in Axes
  6387 | D:9      | Reached *** piety under Okawaru
  6388 | D:9      | Reached XP level 11. HP: 42/90 MP: 15/15
  6480 | D:9      | Noticed a two-headed ogre
  6493 | D:9      | Killed a two-headed ogre
  6494 | D:9      | Reached skill level 10 in Fighting
  6586 | D:9      | Reached **** piety under Okawaru
  6661 | D:9      | Found a radiant altar of Vehumet.
  6896 | D:10     | Entered Level 10 of the Dungeon
  7008 | D:10     | Learned a level 3 spell: Vhi's Electric Charge
  7054 | D:10     | Noticed Nergalle
  7066 | D:10     | Killed Nergalle
  7067 | D:10     | Reached skill level 13 in Axes
  7191 | D:10     | Reached ***** piety under Okawaru
  7428 | D:10     | Found Neazisen's Magic Scroll Shop.
  7591 | D:11     | Noticed a cyclops
  7603 | D:11     | Killed a cyclops
  7645 | D:11     | Found a staircase to the Orcish Mines.
  7645 | D:11     | Noticed a two-headed ogre
  7660 | D:11     | Killed a two-headed ogre
  7660 | D:11     | Identified the +1 buckler of Focus {Harm} (Okawaru gifted
                  | it to you on level 11 of the Dungeon)
  7660 | D:11     | Received a gift from Okawaru
  7664 | D:11     | Reached XP level 12. HP: 100/100 MP: 14/18
  7813 | D:11     | Noticed Urug
  7832 | D:11     | Killed Urug
  7833 | D:11     | Reached skill level 14 in Axes
  7936 | D:11     | Noticed Grum
  7948 | D:11     | Killed Grum
  8183 | D:11     | Identified a scroll of acquirement
  8184 | D:11     | Acquired 708 gold pieces
  8233 | D:7      | Bought the ring "Nuenuasch" {rN+ EV+4 Str+2 Int+7} for 991
                  | gold pieces
  8285 | D:12     | Found a blossoming altar of Fedhas.
  8404 | D:12     | You fall into a shaft and drop 3 floors!
  8404 | D:15     | Entered Level 15 of the Dungeon
  8426 | D:15     | Noticed a five-headed hydra
  8444 | D:15     | Killed a one-headed hydra
  8588 | D:14     | Noticed a boulder beetle
  8611 | D:14     | Killed a boulder beetle
  8747 | D:13     | Noticed a centaur warrior
  8759 | D:13     | Killed a centaur warrior
  8759 | D:13     | Received a gift from Okawaru
  8760 | D:13     | Reached skill level 15 in Axes
  8811 | D:13     | Found Ikufusy's Book Emporium.
  8829 | D:13     | Found Anifyuf's Assorted Antiques.
  8840 | D:13     | Bought a pair of embroidered gloves for 240 gold pieces
  8856 | D:13     | Learned a level 2 spell: Wereblood
  8974 | D:12     | Reached skill level 10 in Invocations
  9054 | D:12     | Reached XP level 13. HP: 68/108 MP: 20/20
  9413 | D:13     | Noticed a centaur warrior
  9422 | D:13     | Killed a centaur warrior
  9471 | D:13     | Noticed a centaur warrior
  9473 | D:13     | Noticed Jorgrun
  9475 | Arena    | Entered the Arena
  9485 | Arena    | Killed Jorgrun
  9509 | D:13     | Killed a centaur warrior
  9640 | D:13     | Received a gift from Okawaru
  9640 | D:13     | Noticed a centaur warrior
  9643 | D:13     | Noticed a centaur warrior
  9653 | D:13     | Reached skill level 5 in Armour
  9677 | D:13     | Killed a centaur warrior
  9683 | D:13     | Killed a centaur warrior
  9726 | D:13     | HP: 4/109 [shock serpent (shapeshifter) (11)]
  9727 | D:13     | Mangled by a shock serpent (shapeshifter)

Illustrated notes

Levels and vault maps discovered:
D:1:      tarquinn_simple_flora_water_b, layout_rooms, serial_shops, shop_statue
D:2:      layout_loops_cross, basic_altar, uniq_natasha
D:3:      layout_basic, mainiacjoe_overflow_concentric_impassable,
          lemuel_crystal_altar, uniq_crazy_yiuf_cottage
D:4:      layout_loops_ring, grunt_ministairs_7, minmay_between, uniq_ijyb,
          uniq_pikel
D:5:      layout_basic, elyvilon_altar_5, due_unseen_surprise
D:6:      layout_basic, mainiacjoe_overflow_alcove_2, old_standard_altar,
          old_standard_altar, serial_undead, serial_undead_f, serial_undead_d,
          serial_undead_c, serial_undead_b, minmay_misc_feat_pillars,
          uniq_blork_the_orc
D:7:      layout_loops_ring, overflow_temple_1_default,
          minmay_temple_entry_offerings, serial_shops, kennysheep_mini
D:8:      layout_basic, dpeg_oklobed_lair, hangedman_decor_points, uniq_psyche
D:9:      layout_basic, vehumet_crystals, mainiacjoe_overflow_surrounded_room
D:10:     layout_rooms, serial_shops, nicolae_inconvenience_store,
          kennysheep_small_spiral, uniq_nergalle
D:11:     layout_rooms, david_orc_3, uniq_grum, uniq_urug
D:12:     layout_cave_pools, hangedman_weighted_door, fedhas_altar_1
D:13:     layout_gridville, grunt_vaults_entry_tiered, serial_shops,
          shop_statue, nicolae_shop_stone, hangedman_decor_peaks_small,
          minmay_alternating_orb, uniq_jorgrun
D:14:     layout_cave_pools, bloody_makhleb
D:15:     grunt_enter_depths_snipers, layout_irregular_city, minivault_27,
          gammafunk_ghost_smash, laboratory

Skill      XL: |  1  2  3  4  5  6  7  8  9 10 11 12 13 |
---------------+----------------------------------------+-----
Shields        | 5 8 |  8.4
Axes           | 3 4 5 7 8 10 12 13 15 | 15.9
Fighting       | 4 5 6 7 8 9 11 12 | 12.7
Invocations    | 2 5 8 10 | 10.9
Armour         | 5 |  5.3

Action                   |  1- 3 |  4- 6 |  7- 9 | 10-12 | 13-15 || total
-------------------------+-------+-------+-------+-------+-------++-------
Melee: War axe           |    42 |   139 |   212 |   280 |       ||   673
       Broad axe         |       |       |       |   110 |    95 ||   205
       Falchion          |       |       |       |     8 |       ||     8
Throw: Throwing net      |       |       |       |     3 |     1 ||     4
       Dart              |       |       |       |     6 |       ||     6
Invok: Heroism           |       |       |       |    10 |     2 ||    12
       Finesse           |       |       |       |     2 |     2 ||     4
       Duel              |       |       |       |       |     1 ||     1
 Abil: Dig               |       |       |     1 |       |       ||     1
  Use: Scroll            |       |     4 |     4 |     7 |       ||    15
       Potion            |       |       |       |     2 |       ||     2
 Stab: Held in net/web   |       |       |       |       |     1 ||     1
Armor: Scale mail        |    17 |    70 |    19 |       |       ||   106
       Chain mail        |       |       |   101 |   193 |    18 ||   312
       Plate armour      |       |       |       |       |    53 ||    53
Dodge: Dodged            |    14 |    64 |    72 |   172 |    25 ||   347
Block: Buckler           |    11 |    46 |    56 |    91 |    33 ||   237

Table legend: (Time is in decaauts)
 A = Elapsed time spent in this place.
 B = Non-inter-level travel time spent in this place.
 C = Inter-level travel time spent in this place.
 D = Time resting spent in this place.
 E = Time spent auto-exploring this place.
 F = Levels seen in this place.
 G = Mean time per level.
                   A        B        C        D        E       F      G
               +--------+--------+--------+--------+--------+-----+--------+
         Total |   9708 |   9093 |    615 |    724 |   6239 |  16 |  606.8 |
       Dungeon |   9685 |   9070 |    615 |    715 |   6239 |  15 |  645.7 |
         Arena |     23 |     23 |      0 |      9 |      0 |   1 |   23.0 |
               +--------+--------+--------+--------+--------+-----+--------+

Top non-repeatable levels by time:
     D:4: 1025 daAuts
     D:8: 916 daAuts
     D:6: 899 daAuts
     D:5: 885 daAuts
     D:2: 773 daAuts
     D:9: 754 daAuts
     D:7: 710 daAuts
    D:10: 705 daAuts
    D:11: 628 daAuts
    D:12: 614 daAuts
     D:1: 555 daAuts
     D:3: 516 daAuts
    D:13: 486 daAuts
    D:14: 116 daAuts
    D:15: 97 daAuts
